 Dungeon Crawl Stone Soup version 0.31-a0-532-g28f74ba3e5 (webtiles) character file.

Game seed: 14125636869017410183

97167 duskshroud the Severer (level 15, -7/121 HPs)
             Began as a Minotaur Berserker on Aug 12, 2023.
             Was a High Priest of Trog.
             Killed from afar by a starcursed mass (13 damage)
             ... with an accursed screaming
             ... on level 2 of the Abyss.
             The game lasted 01:00:28 (19398 turns).

duskshroud the Severer (Minotaur Berserker)        Turns: 19398, Time: 01:00:29

Health: -7/121     AC: 21    Str: 22    XL:     15   Next: 71%
Magic:  11/12      EV: 18    Int:  5    God:    Trog [*****.]
Gold:   1790       SH:  0    Dex: 17    Spells: 14/14 levels left

rFire   x . .        b - +2 battleaxe (flame)
rCold   . . .        (shield currently unavailable)
rNeg    . . .        p - +2 plate armour {Will+}
rPois   +            (helmet restricted)
rElec   .            x - +0 cloak {rCorr}
rCorr   +            (no gloves)
SInv    .            G - +0 pair of boots of the Good {rC+ Int+3}
Will    ++++.        R - amulet of regeneration Stlth
                     B - ring of poison resistance
HPRegen 2.20/turn    v - +5 ring of evasion
MPRegen 0.13/turn

%: random rage (9%)
@: strong-willed, on berserk cooldown, regenerating, slowed, unable to read,
unable to drink, very slow
A: horns 2, retaliatory headbutt, [berserk 2], [dopey 1], [frail 2], [low MP 1],
[cold vulnerability 1], [heat vulnerability 1], [subdued magic 2]
a: Renounce Religion, Berserk, Trog's Hand, Brothers in Arms


You were on level 2 of the Abyss.
You worshipped Trog.
Trog was extremely pleased with you.
You visited 3 branches of the dungeon, and saw 21 of its levels.
You visited the Abyss 1 time.

You collected 2075 gold pieces.
You spent 285 gold pieces at shops.

Inventory:

Hand Weapons
 a - a +0 battleaxe
 b - a +2 battleaxe of flaming (weapon)
 c - a +1 antimagic orcbow
 d - the +4 shortbow of the Wraith {freeze, Dex+3 SInv}
   (You found it on level 5 of the Lair of Beasts)

   Dex+3:     It affects your dexterity (+3).
   SInv:      It lets you see invisible.
Missiles
 m - 8 poisoned darts
 q - 10 curare-tipped darts
 P - 3 throwing nets (quivered)
Armour
 p - a +2 plate armour of willpower (worn)
 x - a +0 cloak of preservation (worn)
 G - the +0 pair of boots of the Good (worn) {rC+ Int+3}
   (You bought it in a shop on level 9 of the Dungeon)

   Int+3:     It affects your intelligence (+3).
   rC+:       It protects you from cold.
Jewellery
 o - a ring of see invisible
 v - a +5 ring of evasion (right hand)
 B - a ring of poison resistance (left hand)
 C - a ring of flight
 R - an amulet of regeneration (around neck)
Scrolls
 e - 4 scrolls of fog
 f - a scroll of identify
 j - 2 scrolls of silence
 l - 6 scrolls of teleportation
 n - 6 scrolls of enchant weapon
 r - 2 scrolls of revelation
 u - a scroll of amnesia {unknown}
 y - 2 scrolls of immolation {unknown}
 E - 2 scrolls of blinking {unknown}
 H - 7 scrolls of fear
 K - 3 scrolls of enchant armour
 L - 5 scrolls of poison
 O - 2 scrolls of vulnerability {unknown}
 U - a scroll of brand weapon {unknown}
 W - a scroll of butterflies {unknown}
Potions
 h - 6 potions of berserk rage
 i - 5 potions of attraction
 k - 8 potions of curing
 t - 7 potions of heal wounds
 w - a potion of lignification {unknown}
 z - a potion of cancellation {unknown}
 A - a potion of mutation {unknown}
 D - 3 potions of resistance
 F - 2 potions of ambrosia
 I - 4 potions of haste
 J - 3 potions of invisibility
 M - 2 potions of enlightenment {unknown}
 Q - a potion of magic {unknown}
 V - a potion of might {unknown}


   Skills:
 + Level 19.1 Fighting
 - Level 20.0 Axes
 + Level 3.1 Ranged Weapons
 * Level 13.9 Armour
 * Level 13.3 Dodging


You had 14 spell levels left.
You didn't know any spells.
Your spell library was empty.

Dungeon Overview and Level Annotations

Branches:
Dungeon (15/15)            Temple (0/1) D:5            Lair (5/5) D:11
  Swamp (0/4) Lair:2        Snake (0/4) Lair:3        Slime (0/5) Lair:4
    Orc (1/2) D:12         Vaults (0/5) D:14
 Depths: D:15

Altars:
Makhleb
Nemelex Xobeh
Ru
Vehumet
Wu Jian
Jiyva

Shops:
D:3 =   D:9 *=(


Innate Abilities, Weirdness & Mutations

You have a pair of horns on your head.
You reflexively headbutt those who attack you in melee.
[You have an uncontrollable temper.]
[You are dopey. (Int -2)]
[You are very frail. (-20% HP)]
[Your magical capacity is low. (-10% MP)]
[You are vulnerable to cold. (rC-)]
[You are vulnerable to heat. (rF-)]
[Your spells are easier to cast, but less powerful.]


Message History

The tentacled starspawn is severely damaged.
The tentacled starspawn bites you!
The tentacled starspawn tentacle-slaps you!
A starcursed mass splits.
A chorus of shrieks assaults your mind.
Your body is wracked with pain!
* * * LOW HITPOINT WARNING * * *
The tentacled starspawn bites you!
* * * LOW HITPOINT WARNING * * *
The tentacled starspawn tentacle-slaps you!
* * * LOW HITPOINT WARNING * * *
You chop the tentacled starspawn into pieces!!!
You burn the tentacled starspawn!
You destroy the tentacled starspawn!
Trog accepts your kill.
You feel your intelligence returning.
You feel the corruption within you wane somewhat.
You no longer become unable to read scrolls after taking damage.
You feel more energetic.
You feel robust.
You feel less vulnerable to cold.
You feel clever.
You no longer become unable to drink potions after taking damage.
You enter the shallow water.
Moving in this stuff is going to be slow.
The substance of the Abyss twists violently, and a gateway leading out appears!
A chorus of shrieks assaults your mind.
* * * LOW HITPOINT WARNING * * *
There is a gateway leading out of the Abyss here.
You cannot drink potions in your current state!
You are too berserk!
You feel a strong urge to attack something.
You are no longer berserk.
You are exhausted.
You feel yourself slow down.
A starcursed mass splits.
A deafening chorus of shrieks assaults your mind!
* * * LOW HITPOINT WARNING * * *
There is a gateway leading out of the Abyss here.
A starcursed mass splits. x2
A deafening chorus of shrieks assaults your mind!
You die...

.~≈ ##..≈~ .# . ~~~ .
....≈......... ~ ...
....≈........ ~#~≈.
#..~#..##..# . ≈
~~§≈##..##..~#..##.
~≈~~~.....~~.~~.....
.~~~~~~.....~.♣~.....
..~~♣≈~#..~~≈~~~..# .
♣~.♣~.X@~..~#..##..
...~~≈..XX..........
_.~~.~.♣~~X..≈........
..~#.~#≈~≈≈~~~##..##..
.##..#≈~XX♣.~# ..#
.......~≈..~~~§. ...
.......~~X~..~~ ..
..##~~~~~.≈#.. # . #..
#..~≈~~~≈..# ..


You could see 7 starcursed masses.

Vanquished Creatures
  3 tentacled starspawn (Abyss:2)
  The ghost of Lance11888 the Severer, a journeyman HORe of Beogh (Lair:4)
  Azrael (D:13)
  Harold (Lair:1)
  Fannar (Lair:1)
  A rakshasa (Abyss:2)
  An ogre mage (D:14)
  6 hydras
  A catoblepas (Lair:2)
  3 vault guards (D:14)
  3 two-headed ogres
  2 centaur warriors
  2 boulder beetles
  15 death yaks
  Erica (D:9)
  2 tengu warriors
  A sixfirhy (Abyss:2)
  A skyshark (Lair:4)
  Lodul (D:11)
  A spatial maelstrom (Abyss:2)
  3 wretched stars (Abyss:2)
  A glowing orange brain (Abyss:2)
  Pikel (D:6)
  A wizard (D:14)
  Jeremiah (Lair:1)
  5 deep elf pyromancers
  5 manticores
  2 orc knights (D:14)
  3 cyclopes
  A worldbinder (Abyss:2)
  12 ugly things
  2 wolf spiders (Lair:2)
  Maurice (D:13)
  11 elephants
  9 black mambas
  2 unseen horrors
  A torpor snail (Lair:5)
  4 gargoyles
  A smoke demon (Abyss:2)
  Maggie (D:8)
  2 rime drakes
  11 cane toads
  13 komodo dragons
  2 kobold demonologists
  A tengu conjurer (D:15)
  7 polar bears
  An ancient zyme (Abyss:2)
  4 trolls
  A wind drake (shapeshifter) (D:12)
  5 hornets
  15 blink frogs
  A raiju (shapeshifter) (D:13)
  A raiju (Abyss:2)
  10 dream sheep
  Sigmund (D:6)
  10 slime creatures
  12 spriggans (Lair:5)
  3 vampires
  50 yaks
  3 wyverns
  2 shadows (D:11)
  A fire elemental (D:13)
  2 humans (D:14)
  Grum (D:10)
  7 basilisks
  2 vampire mosquitoes (D:10)
  A small abomination (Abyss:2)
  A swamp worm (Lair:2)
  2 large abominations (Abyss:2)
  3 wargs
  4 nagas (Lair:3)
  A spatial vortex (Abyss:2)
  Duvessa (D:7)
  17 water moccasins
  4 hell hounds (D:13)
  A black bear (shapeshifter) (D:15)
  9 orc warriors
  4 black bears
  9 ogres
  4 boggarts (Lair:5)
  33 wolves
  4 centaurs
  A phantom (D:6)
  4 kobold brigands
  11 bullfrogs
  2 gnoll sergeants (D:11)
  6 scorpions
  5 wights (D:8)
  6 killer bees (D:9)
  Dowan (D:7)
  2 howler monkeys
  An electric eel (Lair:4)
  3 jellies
  8 orc priests
  A gnoll bouda (D:7)
  3 hounds
  An iron imp (Abyss:2)
  An iguana (D:6)
  15 orc wizards
  3 sleepcaps
  4 hell rats (Lair:5)
  Robin (D:2)
  7 adders
  14 gnolls
  3 white imps
  An ufetubus (D:5)
  3 dart slugs
  55 orcs
  9 endoplasms
  4 giant cockroaches
  7 goblins
  11 hobgoblins
  5 jackals
  20 kobolds
  2 quokkas (D:1)
  4 ball pythons
  4 bats
  2 frilled lizards
  3 rats (D:1)
  2 starspawn tentacles (Abyss:2)
616 creatures vanquished.

Vanquished Creatures (others)
  A lurking horror (Abyss:2)
  6 starspawn tentacles (Abyss:2)
7 creatures vanquished.

Grand Total: 623 creatures vanquished

Notes
Turn   | Place    | Note
-------+----------+-------------------------------------------
     0 | D:1      | duskshroud the Minotaur Berserker began the quest for the
                  | Orb.
     0 | D:1      | Reached XP level 1. HP: 19/19 MP: 0/0
   252 | D:1      | Reached skill level 4 in Axes
   284 | D:1      | Reached XP level 2. HP: 27/27 MP: 1/1
   814 | D:2      | Noticed Robin
   823 | D:2      | Reached XP level 3. HP: 33/33 MP: 2/2
   829 | D:2      | Reached skill level 5 in Axes
   835 | D:2      | Killed Robin
   835 | D:2      | Reached ** piety under Trog
   936 | D:2      | Reached XP level 4. HP: 32/41 MP: 3/3
  1261 | D:2      | Found a faded altar of an unknown god.
  1683 | D:3      | Found Ibbit's Jewellery Boutique.
  2019 | D:4      | Noticed a black bear
  2029 | D:4      | Killed a black bear
  2030 | D:4      | Reached skill level 5 in Fighting
  2030 | D:4      | Reached skill level 6 in Axes
  2030 | D:4      | Reached XP level 5. HP: 46/48 MP: 4/4
  2122 | D:4      | Reached skill level 7 in Axes
  2122 | D:4      | Reached XP level 6. HP: 34/56 MP: 5/5
  2347 | D:4      | Noticed an orc warrior
  2370 | D:4      | Killed an orc warrior
  2395 | D:4      | Reached skill level 8 in Axes
  2395 | D:4      | Reached XP level 7. HP: 54/63 MP: 6/6
  3136 | D:5      | Entered Level 5 of the Dungeon
  3321 | D:5      | Reached skill level 9 in Axes
  3476 | D:5      | Found a staircase to the Ecumenical Temple.
  3506 | D:5      | Found an ornate altar of the Wu Jian Council.
  3506 | D:5      | Found a radiant altar of Vehumet.
  3780 | D:6      | Reached XP level 8. HP: 59/73 MP: 7/7
  3843 | D:6      | Reached skill level 10 in Axes
  3976 | D:6      | Noticed Pikel
  3987 | D:6      | Killed Pikel
  3988 | D:6      | Reached skill level 11 in Axes
  4040 | D:6      | Noticed Sigmund
  4059 | D:6      | Killed Sigmund
  4130 | D:6      | Reached *** piety under Trog
  4395 | D:7      | Reached XP level 9. HP: 83/83 MP: 8/8
  4399 | D:7      | Reached skill level 12 in Axes
  4459 | D:7      | Noticed Dowan
  4473 | D:7      | Killed Dowan
  4497 | D:7      | Noticed Duvessa
  4511 | D:7      | Killed Duvessa
  5001 | D:8      | Noticed Maggie
  5015 | D:8      | Killed Maggie
  5016 | D:8      | Reached skill level 13 in Axes
  5089 | D:8      | Found a sparkling altar of Nemelex Xobeh.
  5115 | D:8      | Reached skill level 10 in Fighting
  5266 | D:8      | Reached skill level 14 in Axes
  5268 | D:8      | Reached XP level 10. HP: 74/94 MP: 9/9
  5645 | D:9      | Found Gathrusu's Weapon Shop.
  5658 | D:9      | Found a sacrificial altar of Ru.
  5721 | D:9      | Reached skill level 15 in Axes
  5944 | D:9      | Noticed Erica
  5951 | D:9      | Killed Erica
  5952 | D:9      | Reached skill level 16 in Axes
  6102 | D:9      | Found Zecegeag's Jewellery Shoppe.
  6239 | D:9      | Reached **** piety under Trog
  6372 | D:9      | Found Deozimot's Assorted Antiques.
  6380 | D:9      | Bought a pair of transparent boots for 285 gold pieces
  6380 | D:9      | Identified the +0 pair of boots of the Good {rC+ Int+3}
                  | (You bought it in a shop on level 9 of the Dungeon)
  6435 | D:9      | Noticed a two-headed ogre
  6443 | D:9      | Killed a two-headed ogre
  6444 | D:9      | Reached XP level 11. HP: 105/105 MP: 10/10
  6490 | D:10     | Entered Level 10 of the Dungeon
  6865 | D:10     | Noticed Grum
  6889 | D:10     | Killed Grum
  7522 | D:10     | Reached skill level 17 in Axes
  7932 | D:11     | Found a staircase to the Lair.
  7988 | D:11     | Noticed Lodul
  7992 | D:11     | Noticed a deep elf pyromancer
  8003 | D:11     | Killed Lodul
  8009 | D:11     | Killed a deep elf pyromancer
  8010 | D:11     | Reached skill level 5 in Armour
  8227 | D:11     | Found an ornate altar of the Wu Jian Council.
  8654 | D:11     | Reached skill level 5 in Dodging
  9109 | D:12     | Noticed a red ugly thing
  9123 | D:12     | Killed a red ugly thing
  9201 | D:12     | Noticed a boulder beetle
  9223 | D:12     | Killed a boulder beetle
  9224 | D:12     | Reached skill level 18 in Axes
  9224 | D:12     | Reached XP level 12. HP: 95/115 MP: 11/11
  9248 | D:12     | Found a staircase to the Orcish Mines.
  9457 | D:12     | Noticed an eight-headed hydra
  9467 | D:12     | Killed a four-headed hydra
 10093 | Orc:1    | Entered Level 1 of the Orcish Mines
 10384 | Orc:1    | Noticed a two-headed ogre
 10419 | Orc:1    | Killed a two-headed ogre
 10589 | Lair:1   | Entered Level 1 of the Lair of Beasts
 10691 | Lair:1   | Noticed Jeremiah
 10695 | Lair:1   | Noticed Harold
 10710 | Lair:1   | Killed Jeremiah
 10712 | Lair:1   | Killed Harold
 10794 | Lair:1   | Noticed Fannar
 10816 | Lair:1   | Killed Fannar
 10857 | Lair:1   | Noticed a death yak
 10869 | Lair:1   | Noticed a death yak
 10873 | Lair:1   | Noticed a death yak
 10877 | Lair:1   | Killed a death yak
 10881 | Lair:1   | Killed a death yak
 10888 | Lair:1   | Killed a death yak
 11791 | Lair:2   | Reached XP level 13. HP: 124/124 MP: 12/12
 12295 | Lair:2   | Found a staircase to the Swamp.
 12437 | Lair:2   | You fall into a shaft and drop 2 floors!
 12444 | Lair:4   | Found a staircase to the Slime Pits.
 12444 | Lair:4   | Found a viscous altar of Jiyva.
 12473 | Lair:4   | Reached skill level 19 in Axes
 12746 | Lair:4   | Reached skill level 10 in Armour
 13079 | Lair:4   | Found a large runed translucent door.
 13080 | Lair:4   | Found a large runed translucent door.
 13084 | Lair:4   | Noticed Lance11888's ghost (journeyman HORe)
 13106 | Lair:4   | Killed Lance11888's ghost
 13698 | Lair:3   | Reached skill level 10 in Dodging
 13901 | Lair:3   | Found a staircase to the Snake Pit.
 13920 | Lair:3   | Reached skill level 15 in Fighting
 14631 | Lair:2   | Reached skill level 20 in Axes
 14825 | Lair:2   | Reached XP level 14. HP: 89/137 MP: 13/13
 15260 | Lair:5   | Entered Level 5 of the Lair of Beasts
 15690 | Lair:5   | Reached ***** piety under Trog
 15964 | Lair:5   | Identified the +4 shortbow of the Wraith {freeze, Dex+3
                  | SInv}
 16948 | D:13     | Noticed Azrael
 16971 | D:13     | Killed Azrael
 16974 | D:13     | Noticed Maurice
 17154 | D:13     | Killed Maurice
 17884 | D:14     | Reached XP level 15. HP: 150/150 MP: 12/14
 17958 | D:14     | Found a gate to the Vaults.
 18197 | D:14     | Found a burning altar of Makhleb.
 18484 | D:15     | Entered Level 15 of the Dungeon
 18634 | D:15     | Reached skill level 1 in Ranged Weapons
 18945 | Abyss:2  | Found a corrupted altar of Lugonu.
 18945 | Abyss:2  | Cast into level 2 of the Abyss (a wizard)
 18966 | Abyss:2  | Found a shimmering altar of Xom.
 18968 | Abyss:2  | Found a shimmering altar of Xom.
 18969 | Abyss:2  | Found a shimmering altar of Xom.
 18970 | Abyss:2  | Found a shimmering altar of Xom.
 18971 | Abyss:2  | Found a shimmering altar of Xom.
 18971 | Abyss:2  | Found a shimmering altar of Xom.
 18971 | Abyss:2  | Found a shimmering altar of Xom.
 18971 | Abyss:2  | Found a shimmering altar of Xom.
 18971 | Abyss:2  | Found a corrupted altar of Lugonu.
 18971 | Abyss:2  | Found a shimmering altar of Xom.
 18971 | Abyss:2  | Found a shimmering altar of Xom.
 18971 | Abyss:2  | Found a shimmering altar of Xom.
 18971 | Abyss:2  | Found a shimmering altar of Xom.
 18973 | Abyss:2  | Found a shimmering altar of Xom.
 18973 | Abyss:2  | Found a shimmering altar of Xom.
 18973 | Abyss:2  | Found a shimmering altar of Xom.
 18973 | Abyss:2  | Found a shimmering altar of Xom.
 18973 | Abyss:2  | Found a shimmering altar of Xom.
 18973 | Abyss:2  | Found a shimmering altar of Xom.
 18973 | Abyss:2  | Found a corrupted altar of Lugonu.
 18973 | Abyss:2  | Found a shimmering altar of Xom.
 18973 | Abyss:2  | Found a shimmering altar of Xom.
 18973 | Abyss:2  | Found a shimmering altar of Xom.
 18973 | Abyss:2  | Found a shimmering altar of Xom.
 18973 | Abyss:2  | Found a shimmering altar of Xom.
 18973 | Abyss:2  | Found a shimmering altar of Xom.
 18973 | Abyss:2  | Found a shimmering altar of Xom.
 18973 | Abyss:2  | Found a shimmering altar of Xom.
 18973 | Abyss:2  | Found a shimmering altar of Xom.
 18973 | Abyss:2  | Found a shimmering altar of Xom.
 18973 | Abyss:2  | Found a shimmering altar of Xom.
 18973 | Abyss:2  | Found a shimmering altar of Xom.
 18973 | Abyss:2  | Found a corrupted altar of Lugonu.
 18973 | Abyss:2  | Found a shimmering altar of Xom.
 18973 | Abyss:2  | Found a shimmering altar of Xom.
 18973 | Abyss:2  | Found a shimmering altar of Xom.
 18973 | Abyss:2  | Found a shimmering altar of Xom.
 18973 | Abyss:2  | Found a shimmering altar of Xom.
 18973 | Abyss:2  | Found a shimmering altar of Xom.
 19089 | Abyss:2  | Identified the +4 short sword "Iluetsod" {flame, rC+ Dex+4}
                  | (Trog gifted it to you on level 2 of the Abyss)
 19089 | Abyss:2  | Received a gift from Trog
 19108 | Abyss:2  | Noticed a tentacled starspawn
 19114 | Abyss:2  | Killed a tentacled starspawn
 19272 | Abyss:2  | Found a corrupted altar of Lugonu.
 19298 | Abyss:2  | Found a corrupted altar of Lugonu.
 19369 | Abyss:2  | Found a corrupted altar of Lugonu.
 19372 | Abyss:2  | Noticed a tentacled starspawn
 19379 | Abyss:2  | Found a corrupted altar of Lugonu.
 19379 | Abyss:2  | Noticed a tentacled starspawn
 19379 | Abyss:2  | Found a corrupted altar of Lugonu.
 19384 | Abyss:2  | Killed a tentacled starspawn
 19394 | Abyss:2  | Killed a tentacled starspawn
 19397 | Abyss:2  | HP: 2/121 [starcursed mass/accursed screaming (12)]
 19398 | Abyss:2  | Killed from afar by a starcursed mass

Illustrated notes

Levels and vault maps discovered:
D:1:      dpeg_arrival_central, layout_basic, minivault_26, minmay_misc_feat_iff
D:2:      layout_basic, chequers_ecumenical_altar_grove,
          nicolae_elevator_lobby_plus, uniq_robin
D:3:      layout_rooms, serial_shops, shop
D:4:      layout_cave_pools, serial_co_window_serial,
          co_window_of_opportunity_a, co_window_paths_a, co_window_corner_a,
          co_window_paths_a, co_window_paths_a, co_window_corner_b,
          co_window_broadway_b, co_window_corner_cb, co_window_paths_c,
          co_window_cross_3, co_window_broadway_c, co_window_broadway_a,
          hex_tiny, minivault_27
D:5:      layout_gridville, gammafunk_temple_overflow_wave, temple_green,
          kennysheep_generic_room_3
D:6:      layout_basic, uniq_sigmund, uniq_pikel
D:7:      layout_rooms, uniq_duvessa
D:8:      layout_gridville, nemelex_diamond_rough_becter, sigmund_army,
          uniq_maggie
D:9:      layout_roguey, nicolae_ru_great_annihilating_truth, serial_shops,
          shop, nicolae_shop_advertising_works [nicolae_subvault_shop_adworks],
          nicolae_shop_pleasant_corner_grove, uniq_erica
D:10:     layout_roguey, uniq_grum
D:11:     layout_rooms, lair_entry_dummy, nicolae_wu_jian_wuxing_cycle,
          uniq_lodul
D:12:     layout_stronghold, david_orc_3
D:13:     layout_rooms, uniq_maurice, uniq_azrael
D:14:     layout_roguey, grunt_vaults_entry_fortified, bloody_makhleb,
          drop_trap, blue_anna_alchemist
D:15:     gammafunk_enter_depths_forms, layout_long_grid, minmay_splitting_lines
Lair:1:   layout_cellular_growth, chequers_serial_rivers_small_a,
          lemuel_fruit_tree, uniq_fannar, uniq_jeremiah, uniq_harold
Lair:2:   nzn_winding_woodlands_three_and_one
          [nzn_winding_woodlands_5x15_zeroes, nzn_winding_woodlands_5x15_jagged,
          nzn_winding_woodlands_5x15_river_crossing,
          nzn_winding_woodlands_center_diamonds], layout_hall_layers,
          minmay_swamp_entry_worms, nicolae_lair_run_with_the_wolves,
          grunt_megastairs_3
Lair:3:   layout_gridlike, guppyfry_snake_entry_island, lemuel_fruit_fields
Lair:4:   layout_gridlike, slime_entry_1, ebering_ghost_disaster_area,
          serial_bayou_shore_b
Lair:5:   minmay_lair_end_enchanted_forest, layout_small_grid,
          lookout_lair_type, minivault_19
Orc:1:    layout_caves, gammafunk_ghost_cemetery
Abyss:2:  base: D:13, bh_abyss_xom_lugonu_altar,
          hangedman_abyss_or_decor_jellyfish_corner, bh_abyss_xom_lugonu_altar,
          hangedman_abyss_exit_choices

Skill      XL: |  1  2  3  4  5  6  7  8  9 10 11 12 13 14 15 |
---------------+----------------------------------------------+-----
Axes           | 4 5 6 7 8 9 11 14 16 18 20 | 20.0
Fighting       | 4 5 6 7 9 10 12 13 14 16 18 19 | 19.1
Armour         | 5 9 10 12 13 | 13.9
Dodging        | 5 8 10 11 13 | 13.3
Ranged Weapons | 3 |  3.1

Action                     |  1- 3 |  4- 6 |  7- 9 | 10-12 | 13-15 || total
---------------------------+-------+-------+-------+-------+-------++-------
  Melee: Hand axe          |    53 |    77 |   234 |       |       ||   364
         Headbutt          |     9 |    21 |    50 |   101 |   208 ||   389
         Punch             |       |       |     4 |     3 |     3 ||    10
         Broad axe         |       |       |    45 |   375 |   118 ||   538
         Battleaxe         |       |       |       |   114 |   670 ||   784
 Invoke: Berserk           |     1 |     4 |     6 |     8 |     5 ||    24
         Trog's Hand       |       |     3 |     9 |    21 |    26 ||    59
    Use: Scroll            |       |       |       |       |    17 ||    17
   Stab: Paralysed         |       |       |       |     1 |       ||     1
         Petrified         |       |       |       |       |     4 ||     4
 Armour: Animal skin       |     4 |    14 |       |       |       ||    18
         Plate armour      |       |       |    88 |   179 |   308 ||   575
  Dodge: Dodged            |    37 |    51 |   120 |   237 |   512 ||   957
  Block: Other             |       |       |       |       |    35 ||    35
         Reflection        |       |       |       |       |     2 ||     2

Table legend: (Time is in decaauts)
 A = Elapsed time spent in this place.
 B = Non-inter-level travel time spent in this place.
 C = Inter-level travel time spent in this place.
 D = Time resting spent in this place.
 E = Time spent auto-exploring this place.
 F = Levels seen in this place.
 G = Mean time per level.
                   A        B        C        D        E       F      G
               +--------+--------+--------+--------+--------+-----+--------+
         Total |  19249 |  18317 |    932 |   4233 |  10048 |  22 |  875.0 |
       Dungeon |  12326 |  11742 |    584 |   2601 |   6856 |  15 |  821.7 |
          Lair |   6058 |   5711 |    347 |   1529 |   3012 |   5 | 1211.6 |
  Orcish Mines |    422 |    422 |      0 |     65 |    145 |   1 |  422.0 |
         Abyss |    442 |    442 |      0 |     38 |     35 |   1 |  442.0 |
               +--------+--------+--------+--------+--------+-----+--------+

Top non-repeatable levels by time:
    D:12: 1764 daAuts
  Lair:4: 1511 daAuts
  Lair:2: 1282 daAuts
  Lair:5: 1268 daAuts
     D:9: 1262 daAuts
     D:4: 1208 daAuts
  Lair:1: 1172 daAuts
    D:10: 1093 daAuts
     D:1: 843 daAuts
  Lair:3: 824 daAuts
    D:11: 801 daAuts
     D:2: 789 daAuts
     D:6: 779 daAuts
    D:14: 757 daAuts
     D:8: 674 daAuts
